 Seeded DCSS version 0.29.1-15-g9cfb28693d (webtiles) character file.

Game seed: 1 (custom seed)

837 Kazon the Sneak (level 7, -1/67 HPs)
             Began as a Naga Hunter on Feb 28, 2023.
             Slain by a scorpion (4 damage)
             ... on level 5 of the Dungeon.
             The game lasted 00:21:00 (3165 turns).

Kazon the Sneak (Naga Hunter)                       Turns: 3165, Time: 00:21:00

Health: -1/67      AC:  5    Str: 13    XL:     7   Next: 99%
Magic:  7/7        EV: 10    Int: 12    God:
Gold:   768        SH:  0    Dex: 14    Spells: 5/6 levels left

rFire   . . .      SeeInvis +   s - +3 falchion of Winter {venom, rCorr}
rCold   . . .      Faith    .   (no shield)
rNeg    + . .      Spirit   .   c - +0 leather armour
rPois   +          Reflect  .   i - +0 helmet
rElec   .          Harm     .   (no cloak)
rCorr   +          Rampage  .   (no gloves)
Will    .....                   (no barding)
Stlth   +++.......              d - amulet of the acrobat
HPRegen 0.21/turn               o - ring of positive energy
MPRegen 0.10/turn               (no ring)

@: very slow
A: AC +2, large, see invisible, deformed body, poison resistance, slowness 2,
spit poison 1, naga tail 1
a: Spit Poison


You were on level 5 of the Dungeon.
You visited 1 branch of the dungeon, and saw 5 of its levels.

You collected 952 gold pieces.
You spent 184 gold pieces at shops.

Inventory:

Hand Weapons
 e - a +2 dagger of venom
 s - the +3 falchion of Winter (weapon) {venom, rCorr}
   (You bought it in a shop on level 3 of the Dungeon)

   It poisons the flesh of those it strikes.
   rCorr:     It protects you from acid and corrosion.
 w - a +1 sling of flaming
Missiles
 b - a throwing net
 j - 14 stones (quivered)
 m - 5 boomerangs
Armour
 c - a +0 leather armour (worn)
 i - a +0 helmet (worn)
Jewellery
 d - an amulet of the acrobat (around neck)
 o - a ring of positive energy (left hand)
Scrolls
 k - 2 scrolls of immolation
 l - a scroll of fog {unknown}
 p - a scroll of poison {unknown}
 r - a scroll of magic mapping {unknown}
 t - a scroll of noise {unknown}
 u - 8 scrolls of identify
 v - a scroll of teleportation {unknown}
Potions
 a - a potion of ambrosia {unknown}
 f - a potion of flight {unknown}
 g - a potion of attraction {unknown}
 h - 2 potions of haste {unknown}
 n - a potion of berserk rage
 q - a potion of lignification


   Skills:
 + Level 5.5 Fighting
 + Level 4.5(5.3) Short Blades
 + Level 4.3(5.2) Long Blades
 + Level 6.1 Ranged Weapons
 + Level 3.7 Throwing
 + Level 4.1 Armour
 + Level 3.9 Dodging
 + Level 7.8 Stealth
 + Level 0.1 Spellcasting
 + Level 0.4 Necromancy


You had 5 spell levels left.
You knew the following spells:

 Your Spells              Type           Power      Damage    Failure   Level
a - Necrotise             Necr           4%         1d4       32%         1

Your spell library contained the following spells:

 Spells                   Type           Power      Damage    Failure   Level
 Apportation              Tloc           0%         N/A       38%         1
 Sting                    Tmut/Pois      0%         1d3       38%         1
 Summon Small Mammal      Summ           0%         N/A       38%         1
 Poisonous Vapours        Pois/Air       0%         N/A       52%         2
 Olgreb's Toxic Radiance  Pois           0%         N/A       99%         4
 Fireball                 Conj/Fire      0%         3d3       100%        5
 Iskenderun's Battlesphe  Conj           0%         2d6       100%        5
 Conjure Ball Lightning   Conj/Air       0%         3x3d6     100%        6
 Orb of Destruction       Conj           0%         9d5       100%        7


Dungeon Overview and Level Annotations

Branches:
Dungeon (5/15)
 Temple: D:4-7

Altars:
Hepliaklqana

Shops:
D:3 (


Innate Abilities, Weirdness & Mutations

Your serpentine skin is tough. (AC +2)
You have supernaturally acute eyesight. (SInv)
Armour fits poorly on your strangely shaped body.
Your system is resistant to poisons. (rPois)
You cover ground very slowly.
You can spit poison.
You have a snake-like lower body.


Message History

You hit Menkaure.
Menkaure is severely damaged.
Menkaure barely misses you.
Aiming: Spit Poison (1% risk of failure)
Press: ? - help, Shift-Dir - straight line, f - you That beam is likely to hit you.
Continue anyway? [Y]es or [N]o only, please.
That beam is likely to hit you.
Continue anyway? [Y]es or [N]o only, please.
That beam is likely to hit you.
Continue anyway?
Okay, then.
Unknown command.
Aiming: Spit Poison (1% risk of failure)
Press: ? - help, Shift-Dir - straight line, f - you That beam is likely to hit you.
Continue anyway?
The splash of poison hits you. You resist.
* * * LOW HITPOINT WARNING * * *
Menkaure calls on the powers of darkness!
You feel a surge of unholy energy.
A scorpion comes into view.
You barely miss Menkaure.
Menkaure is severely damaged.
Menkaure barely misses you.
You hit Menkaure.
You destroy Menkaure!
Throw: 16 stones
Press: ? - help, Q - select action, (/) - cycle Shift-Dir - straight line, f - scorpion
Aim: a scorpion (62% to hit)
You throw a stone.
The stone hits the scorpion but does no damage.
Unknown command.
Throw: 15 stones
Press: ? - help, Q - select action, (/) - cycle Shift-Dir - straight line, f/p - scorpion
Aim: a scorpion (62% to hit)
You throw a stone.
The stone hits the scorpion but does no damage.
Unknown command.
You have got your breath back.
You hit the scorpion but do no damage. The scorpion stings you.
You die...

##..........###
#.............##
#..............##
#...............#
##..............#
#........<....##
##...†..<.....#
#............#
##....@.....##
##...s...###
###...### #..##
#..# #).# ....
..... .....


You could see a scorpion.

Vanquished Creatures
  Menkaure (D:5)
  A centaur (D:5)
  3 scorpions (D:4)
  A howler monkey (D:5)
  A hound (D:4)
  An orc priest (D:3)
  2 iguanas
  Robin (D:3)
  3 gnolls (D:2)
  7 adders
  3 worms
  5 orcs
  10 endoplasms
  A giant cockroach (D:1)
  16 goblins
  9 hobgoblins
  A jackal (D:4)
  4 kobolds
  A quokka (D:1)
  5 ball pythons
  4 bats
  3 frilled lizards
  6 rats
89 creatures vanquished.

Notes
Turn   | Place    | Note
-------+----------+-------------------------------------------
     0 | D:1      | Kazon the Naga Hunter began the quest for the Orb.
     0 | D:1      | Reached XP level 1. HP: 19/19 MP: 1/1
    34 | D:1      | Identified a scroll of acquirement
    34 | D:1      | Acquired 628 gold pieces
   115 | D:1      | Reached XP level 2. HP: 26/26 MP: 2/2
   681 | D:2      | HP: 1/26 [worm (1)]
   684 | D:2      | Reached XP level 3. HP: 2/33 MP: 3/3
   695 | D:2      | HP: 1/33 [hobgoblin (1)]
   869 | D:2      | Learned a level 1 spell: Necrotise
  1145 | D:2      | Reached XP level 4. HP: 20/40 MP: 2/4
  1424 | D:3      | Found Umat's Antique Weapon Boutique.
  1457 | D:3      | Bought a crude falchion for 184 gold pieces
  1457 | D:3      | Identified the +3 falchion of Winter {venom, rCorr} (You
                  | bought it in a shop on level 3 of the Dungeon)
  1625 | D:3      | Reached skill level 1 in Armour
  1633 | D:3      | Noticed Robin
  1641 | D:3      | Killed Robin
  1642 | D:3      | Reached XP level 5. HP: 19/47 MP: 5/5
  1714 | D:3      | Reached skill level 5 in Fighting
  1714 | D:3      | Reached skill level 6 in Stealth
  1714 | D:3      | Reached XP level 6. HP: 37/59 MP: 6/6
  2194 | D:4      | Reached skill level 7 in Stealth
  2425 | D:4      | Reached XP level 7. HP: 66/67 MP: 7/7
  2486 | D:4      | Found a hazy altar of Hepliaklqana.
  2985 | D:5      | Entered Level 5 of the Dungeon
  3150 | D:5      | Noticed Menkaure
  3157 | D:5      | HP: 2/67 [Menkaure (10)]
  3161 | D:5      | Killed Menkaure
  3165 | D:5      | Slain by a scorpion

Illustrated notes

Levels and vault maps discovered:
D:1:      dpeg_arrival_three_smaller_balls, layout_basic
D:2:      layout_loops_ring
D:3:      layout_basic, serial_shops, nicolae_shop_stone, st_stairs_9,
          minmay_misc_feat_doors, eino_curves_03, uniq_robin
D:4:      minmay_wonky_spiral, layout_basic,
          mainiacjoe_overflow_surrounded_room, minivault_5
D:5:      layout_cave_pods, uniq_menkaure, uniq_eustachio

Skill      XL: |  1  2  3  4  5  6  7 |
---------------+----------------------+-----
Ranged Weapons | 4 6 |  6.1
Fighting       | 3 5 |  5.5
Armour         | 1 3 4 |  4.1
Short Blades   | 4 |  4.5
Long Blades    | 3 4 |  4.3
Throwing       | 3 |  3.7
Dodging        | 3 |  3.9
Stealth        | 6 7 |  7.8
Spellcasting   | |  0.1
Necromancy     | |  0.4

Action                   |  1- 3 |  4- 6 |  7- 9 || total
-------------------------+-------+-------+-------++-------
Melee: Dagger            |    63 |    43 |    28 ||   134
       Falchion          |       |    42 |     9 ||    51
       Punch             |       |     1 |       ||     1
 Fire: Shortbow          |    39 |       |       ||    39
       Sling             |       |       |    15 ||    15
Throw: Stone             |     4 |    11 |    12 ||    27
 Cast: Necrotise         |     3 |       |       ||     3
 Abil: Spit Poison       |    13 |    11 |     5 ||    29
  Use: Scroll            |     1 |       |     1 ||     2
       Potion            |       |     2 |       ||     2
 Stab: Sleeping          |     1 |     6 |     2 ||     9
       Distracted        |       |     1 |       ||     1
Armor: Leather armour    |    15 |    19 |     7 ||    41
Dodge: Dodged            |    31 |    37 |    23 ||    91
